 Dungeon Sprint DCSS version 0.30-a0-726-gd89dcf765f (webtiles) character file.

Game seed: 3735878738414741064

693 Legacy the Thaumaturge (level 7, -3/36 HPs)
             Began as a Deep Elf Air Elementalist on Jan 29, 2023.
             Was a Believer of Vehumet.
             Slain by a +2 battleaxe of freezing (8 damage)
             ... in the Dungeon (Sprint V: "Ziggurat Sprint").
             The game lasted 00:03:51 (232 turns).

Legacy the Thaumaturge (Deep Elf Air Elementalist)   Turns: 232, Time: 00:03:52

Health: -3/36      AC:  2    Str:  5    XL:     7   Next: 37%
Magic:  32/32      EV:  6    Int: 26    God:    Vehumet [**....]
Gold:   0          SH: 29    Dex: 17    Spells: 28/33 levels left

rFire   . . .      SeeInvis .    w - +6 Majin-Bo {spellvamp, MP+6 Int+6}
rCold   . . .      Faith    .    x - +18 shield of the Gong {Loud rElec rN+ Will+ EV-5}
rNeg    + . .      Spirit   .    a - +0 robe
rPois   .          Reflect  .    (no helmet)
rElec   +          Harm     .    (no cloak)
rCorr   .          Rampage  .    (no gloves)
Will    +....      NoTele   +    (no boots)
Stlth   ++                       E - amulet of regeneration
HPRegen 1.06/turn                (no ring)
MPRegen 0.23/turn                (no ring)

@: no status effects
A: no striking features
a: Renounce Religion


You were in the Dungeon.
You worshipped Vehumet.
Vehumet was pleased with you.
You visited 1 branch

Inventory:

Hand Weapons
 w - the +6 Majin-Bo (weapon) {spellvamp, MP+6 Int+6}
   (You found it in the Dungeon)

   Int:       It affects your intelligence (+6).
   MP:        It affects your magic capacity (+6).
 y - the +7 great mace "Firestarter" {flame, inner flame, rFlCloud rF++}
   (You found it in the Dungeon)

   rFlCloud:  It grants immunity to clouds of flame.
   rF:        It greatly protects you from fire.
 z - the +11 plutonium sword {Contam Stlth-}
   (You found it in the Dungeon)

   Contam:    It causes magical contamination when unequipped.
   Stlth:     It makes you less stealthy.
 A - the +9 sword of Power {lifebolt}
   (You found it in the Dungeon)
 B - the +16 obsidian axe {drain, demonic, Mesm Drain Fly SInv}
   (You found it in the Dungeon)

   Mesm:      Its wielder is mesmerised by any visible foes, and it cannot be
   unequipped while any foes are visible.
   SInv:      It lets you see invisible.
   Fly:       It grants you flight.
   Drain:     It drains your maximum health when unequipped.
 C - the +6 shillelagh "Devastator" {shatter}
   (You found it in the Dungeon)
Armour
 a - a +0 robe (worn)
 h - a +5 crystal plate armour
 i - +5 shadow dragon scales
 j - a +3 buckler
 x - the +18 shield of the Gong (worn) {Loud rElec rN+ Will+ EV-5}
   (You found it in the Dungeon)

   Loud:      It is deafeningly noisy when blocking attacks.
   EV:        It affects your evasion (-5).
   rElec:     It insulates you from electricity.
   rN:        It protects you from negative energy.
   Will:      It increases your willpower.
Magical Staves
 n - a staff of earth
Jewellery
 D - the amulet "Ycops" {rPois rF- rC+ Regen+ Dex+7}
   (You found it in the Dungeon)

   [amulet of regeneration]

   Dex:       It affects your dexterity (+7).
   rF:        It makes you vulnerable to fire.
   rC:        It protects you from cold.
   rPois:     It protects you from poison.
   Regen:     It increases your rate of health regeneration.
 E - an amulet of regeneration (around neck)
Wands
 t - a wand of mindburst (7)
 v - a wand of light (2)
Scrolls
 g - 3 scrolls of blinking
 p - 4 scrolls of amnesia
 q - 7 scrolls of fog
 r - 5 scrolls of identify
 s - 2 scrolls of fear
Potions
 b - 8 potions of magic
 c - 10 potions of curing
 d - 12 potions of heal wounds
 e - 6 potions of haste
 f - 3 potions of berserk rage
 k - 2 potions of brilliance
 l - 2 potions of invisibility
 m - 4 potions of resistance
 o - 5 potions of might


   Skills:
 * Level 7.5 Armour
 - Level 2.4 Dodging
 - Level 2.4 Stealth
 * Level 7.5 Shields
 * Level 13.8 Spellcasting
 - Level 1.1 Conjurations
 - Level 3.0 Air Magic


You had 28 spell levels left.
You knew the following spells:

 Your Spells              Type           Power      Damage    Failure   Level
a - Shock                 Conj/Air       100%       1d9       3%          1
b - Airstrike             Air            16%        2d(3-19)  22%         4

Your spell library contained the following spells:

 Spells                   Type           Power      Damage    Failure   Level
 Foxfire                  Conj/Fire      80%        2x1d8     6%          1
 Static Discharge         Conj/Air       56%        2-5/arc   4%          2
 Swiftness                Air            33%        N/A       7%          3
 Cigotuvi's Dreadful Rot  Necr/Pois/Air  46%        N/A       8%          2
 Kindle Blastsparks       Fire/Tloc/Air  46%        2d13      16%         3
 Ignite Poison            Fire/Tmut/Pois 18%        N/A       24%         3
 Freezing Cloud           Conj/Ice/Air   12%        6-21      77%         5


Dungeon Overview and Level Annotations

Branches:
Dungeon (1/1)

Altars:
Ashenzari
Cheibriados
Dithmenos
Elyvilon
Fedhas
Gozag
Hepliaklqana
Kikubaaqudgha
Makhleb
Nemelex Xobeh
Okawaru
Qazlal
Ru
Sif Muna
Trog
Uskayaw
Vehumet
Wu Jian
Xom
Yredelemnul
Zin
The Shining One
Jiyva
Lugonu

Annotations:
D 1 transporter


Message History

You block the arrow.
Unknown command.
Unknown command.
Aiming: Iceblast
Press: ? - help, Q - select action, (/) - cycle Shift-Dir - straight line, f/p - +2 battleaxe of freezing
Aim: a +2 battleaxe of freezing (lightly damaged)
The mass of ice explodes!
The iceblast engulfs the +2 battleaxe of freezing!
The +2 battleaxe of freezing partially resists.
The +2 battleaxe of freezing is moderately damaged.
The iceblast engulfs the +6 glaive.
The +6 glaive partially resists.
The +6 glaive is lightly damaged.
The now-empty wand crumbles to dust.
The +6 glaive hits you from afar!!
Ouch! That really hurt!
* * * LOW HITPOINT WARNING * * *
Unknown command.
Unknown command.
Unknown command.
Read: 2 scrolls of fear
Press: ? - help, Q - select action, (/) - cycle Dir - look around, f - activate Look: a deep elf archer, wielding a +0 shortbow and wearing a +0 leather armour (moderately wounded, repelling missiles, chance to affect: 64%)
Okay, then.
You feel much better. The +6 glaive barely misses you.
You block the +2 battleaxe of freezing's attack.
BONNNG!
There are monsters nearby!
Unknown command.
Hit: w) +6 Majin-Bo {spellvamp, MP+6 Int+6}
Press: ? - help, Dir - move target, f/p - +2 battleaxe of freezing
Aim: a +2 battleaxe of freezing (moderately damaged, about 50% to evade the +6 Majin-Bo)
You miss the +2 battleaxe of freezing.
The +2 battleaxe of freezing is moderately damaged.
You block the +6 glaive's attack.
GONNNNG!
The +2 battleaxe of freezing hits you!!
Ouch! That really hurt!
* * * LOW HITPOINT WARNING * * *
The +2 battleaxe of freezing freezes you!
You die...

▓..©..▓..©..▓▓▓▓▓▓▓
▓▓▓▓▓▓▓▓▓▓▓▓▓▓
▓..8©8...▓
▓..:=}...▓
▓...:....▓
▓..eE....▓
...(....▓
▓.▓.(..▓.▓
▓...@....▓
▓▓▓▓▓▓▓▓▓▓


You could see a deep elf archer (repels missiles), an earth elemental and 2
dancing weapons.

Vanquished Creatures
  A spriggan (D)
  A floating eye (D)
  A black bear (D)
  A crimson imp (D)
  2 jellies (D)
  An iron imp (D)
  An endoplasm (D)
  A ball python zombie (D)
9 creatures vanquished.

Notes
Turn   | Place    | Note
-------+----------+-------------------------------------------
     0 | D        | Legacy the Deep Elf Air Elementalist began the quest for
                  | the Orb.
     0 | D        | Reached XP level 1. HP: 10/10 MP: 6/6
     3 | D        | Found a blossoming altar of Fedhas.
     3 | D        | Found the +6 Majin-Bo {spellvamp, MP+6 Int+6}
     3 | D        | Found the +27 heavy crossbow "Sniper" {heavy, Acc+∞ SInv}
     3 | D        | Found the +10 dark maul {heavy}
     3 | D        | Found the +15 Maxwell's patent armour {-Cast -Tele rElec
                  | Will+ rCorr}
     3 | D        | Found the +18 shield of the Gong {Loud rElec rN+ Will+
                  | EV-5}
     3 | D        | Found the +16 obsidian axe {drain, demonic, Mesm Drain Fly
                  | SInv}
     3 | D        | Found the +7 great mace "Firestarter" {flame, inner flame,
                  | rFlCloud rF++}
     3 | D        | Found the +6 shillelagh "Devastator" {shatter}
     3 | D        | Found the +11 plutonium sword {Contam Stlth-}
     3 | D        | Found the +8 lance "Wyrmbane" {slay drac, rPois rF+ rC+
                  | AC+3}
     3 | D        | Found the +9 sword of Zonguldrok {reap}
     3 | D        | Found the +13 scythe of Curses {drain, curses, Drain}
     3 | D        | Found the +9 sword of Power {lifebolt}
     3 | D        | Found the +7 mace of Variability {chaos, chain chaos}
     3 | D        | Found the +11 Singing Sword {sonic wave}
     3 | D        | Found the +8 storm bow {elec, penet}
     6 | D        | Found a transporter.
     6 | D        | Found a viscous altar of Jiyva.
     6 | D        | Found an ancient bone altar of Kikubaaqudgha.
     6 | D        | Found a hazy altar of Hepliaklqana.
     6 | D        | Found a corrupted altar of Lugonu.
     6 | D        | Found an opulent altar of Gozag.
     6 | D        | Found a burning altar of Makhleb.
    13 | D        | Found a shimmering blue altar of Sif Muna.
    13 | D        | Found a sacrificial altar of Ru.
    13 | D        | Found a bloodstained altar of Trog.
    13 | D        | Found a stormy altar of Qazlal.
    13 | D        | Found an iron altar of Okawaru.
    13 | D        | Found a sparkling altar of Nemelex Xobeh.
    73 | D        | Became a worshipper of Vehumet
   113 | D        | Entered arena 2.
   113 | D        | Noticed a spriggan
   113 | D        | Noticed a black bear
   113 | D        | Found a transporter.
   120 | D        | Killed a spriggan
   120 | D        | Killed a black bear
   121 | D        | Reached skill level 5 in Armour
   121 | D        | Reached skill level 5 in Shields
   121 | D        | Reached skill level 10 in Spellcasting
   121 | D        | Reached XP level 2. HP: 15/15 MP: 11/15
   121 | D        | Reached XP level 3. HP: 19/19 MP: 12/17
   121 | D        | Reached XP level 4. HP: 24/24 MP: 12/18
   121 | D        | Reached XP level 5. HP: 28/28 MP: 13/20
   121 | D        | Reached skill level 12 in Spellcasting
   121 | D        | Reached XP level 6. HP: 32/32 MP: 13/23
   132 | D        | Learned a level 4 spell: Airstrike
   133 | D        | Entered arena 3.
   133 | D        | Found a transporter.
   136 | D        | Reached * piety under Vehumet
   136 | D        | Offered knowledge of Foxfire by Vehumet.
   139 | D        | Reached XP level 7. HP: 36/36 MP: 19/25
   150 | D        | Got the Omnibus of the Hurtful Bonfire
   157 | D        | Entered arena 4.
   157 | D        | Found a transporter.
   158 | D        | Reached ** piety under Vehumet
   159 | D        | Reached skill level 13 in Spellcasting
   161 | D        | Paralysed by a floating eye for 2 turns
   165 | D        | Paralysed by a floating eye for 2 turns
   168 | D        | Paralysed by a floating eye for 2 turns
   178 | D        | Got the amulet "Ycops" {rPois rF- rC+ Regen+ Dex+7}
   187 | D        | Got the Folio of the Zephyr and the Dose
   228 | D        | Entered arena 5.
   228 | D        | Noticed a deep elf archer
   228 | D        | Noticed a +6 glaive
   228 | D        | Noticed a +2 battleaxe of freezing
   228 | D        | Found a transporter.
   232 | D        | Slain by a +2 battleaxe of freezing

Illustrated notes

Levels and vault maps discovered:
D:        sprint_v [room_start, room_1, room_2, room_3, room_4, room_5, room_6,
          room_7, room_8, room_9, room_10, room_11, room_12, room_13, room_14,
          room_15, room_16, room_17, room_18, room_19, room_20, room_21,
          room_22, room_23, room_24, room_25, room_26, room_27]

Skill      XL: |  1  2  3  4  5  6  7 |
---------------+----------------------+-----
Armour         | 5 6 7 |  7.5
Shields        | 5 6 7 |  7.5
Spellcasting   | 10 12 13 | 13.8
Dodging        | |  2.4
Stealth        | |  2.4
Conjurations   | |  1.1
Air Magic      | |  3.0

Action                     |  1- 3 |  4- 6 |  7- 9 || total
---------------------------+-------+-------+-------++-------
  Melee: Staff             |     1 |     2 |     8 ||    11
  Evoke: Wand              |     5 |     2 |     5 ||    12
    Use: Scroll            |     1 |       |       ||     1
         Potion            |       |     1 |     2 ||     3
 Armour: Robe              |       |       |     1 ||     1
  Dodge: Dodged            |       |       |     2 ||     2
  Block: Kite shield       |     3 |     4 |    11 ||    18

Table legend: (Time is in decaauts)
 A = Elapsed time spent in this place.
 B = Non-inter-level travel time spent in this place.
 C = Inter-level travel time spent in this place.
 D = Time resting spent in this place.
 E = Time spent auto-exploring this place.
 F = Levels seen in this place.
 G = Mean time per level.
                   A        B        C        D        E       F      G
               +--------+--------+--------+--------+--------+-----+--------+
         Total |    234 |    234 |      0 |     38 |      0 |   1 |  234.0 |
       Dungeon |    234 |    234 |      0 |     38 |      0 |   1 |  234.0 |
               +--------+--------+--------+--------+--------+-----+--------+

Top non-repeatable levels by time:
       D: 234 daAuts
